TOP OF THE 1ST |
Los Cabos Cartel batting - Pitching for Nassau Rockets : RHP Chris Marshall
|
Pitching: RHP Chris Marshall
|
|
Batting: LHB Luis González
|
0-0: Fly out, F8 (Line Drive, 8RS)
|
Batting: RHB Gerardo Escobedo
|
0-0: Ground out 6-3 (Groundball, 6)
|
Batting: SHB Julián Madrid
|
0-0: Ball 1-0: Ball 2-0: Called Strike 2-1: Ball 3-1: Base on Balls
|
Batting: LHB José Rivas
|
0-0: Ball 1-0: Swinging Strike 1-1: Called Strike 1-2: Foul Ball, location: 2F 1-2: Ground out 5-3 (Groundball, 56S)
|
Top of the 1st over - 0 run(s), 0 hit(s), 0 error(s), 1 left on base; Los Cabos 0 - Nassau 0 |
BOTTOM OF THE 1ST |
Nassau Rockets batting - Pitching for Los Cabos Cartel : LHP Francisco Pérez
|
Pitching: LHP Francisco Pérez
|
|
Batting: SHB Howard Parker
|
0-0: Foul Ball, location: 2F 0-1: Ball 1-1: Ground out 4-3 (Groundball, 34S)
|
Batting: RHB Francisco Rincón
|
0-0: Ball 1-0: Called Strike 1-1: Ball 2-1: Reached on Error, E9 (Flyball, 9S)
|
Batting: LHB Andrew Alvarado
|
0-0: Called Strike 0-1: Foul Ball, location: 2F 0-2: Strikes out swinging
|
Batting: LHB Doug Thompson
|
0-0: Called Strike 0-1: Called Strike 0-2: Ball 1-2: Ball 2-2: Foul Ball, location: 2F 2-2: Strikes out swinging
|
Bottom of the 1st over - 0 run(s), 0 hit(s), 1 error(s), 1 left on base; Los Cabos 0 - Nassau 0 |
TOP OF THE 2ND |
Los Cabos Cartel batting - Pitching for Nassau Rockets : RHP Chris Marshall
|
Batting: RHB Stephen Wilson
|
0-0: Ball 1-0: Called Strike 1-1: Ball 2-1: Fly out, F6 (Popup, 8LS)
|
Batting: LHB Miguel Rivería
|
0-0: Ball 1-0: Foul Ball, location: 2F 1-1: Ground out 4-3 (Groundball, 4)
|
Batting: RHB Wilbert Rodgers
|
0-0: Foul Ball, location: 2F 0-1: Ball 1-1: Ball 2-1: Ball 3-1: Swinging Strike 3-2: Base on Balls
|
Batting: LHB Manny Quiñones
|
0-0: Ball 1-0: Called Strike 1-1: Swinging Strike 1-2: Ground out 6-3 (Groundball, 6)
|
Top of the 2nd over - 0 run(s), 0 hit(s), 0 error(s), 1 left on base; Los Cabos 0 - Nassau 0 |
BOTTOM OF THE 2ND |
Nassau Rockets batting - Pitching for Los Cabos Cartel : LHP Francisco Pérez
|
Batting: LHB Don Ramey
|
0-0: Ground out 5-3 (Groundball, 5D)
|
Batting: RHB José Hernández
|
0-0: Ball 1-0: Ball 2-0: Ball 3-0: Base on Balls
|
Batting: RHB Pete Harvey
|
0-0: Ball 1-0: SINGLE (Groundball, 6M) José Hernández to second Runner from 2nd tries for 3rd, SAFE, throw made to third
|
Batting: RHB Victor Antelo
|
0-0: Ball 1-0: Ball 2-0: Ball 3-0: Base on Balls Pete Harvey to second
|
Batting: LHB Rafael Delgado
|
0-0: Ball 1-0: Foul Ball, location: 2F 1-1: Foul Ball, location: 2F 1-2: Foul Ball, location: 2F 1-2: Fly out, F6 (Popup, 56D)
|
Batting: SHB Howard Parker
|
0-0: Called Strike 0-1: Ground out 4-3 (Groundball, 4)
|
Bottom of the 2nd over - 0 run(s), 1 hit(s), 0 error(s), 3 left on base; Los Cabos 0 - Nassau 0 |
TOP OF THE 3RD |
Los Cabos Cartel batting - Pitching for Nassau Rockets : RHP Chris Marshall
|
Batting: RHB Oliver Hernández
|
0-0: Ball 1-0: Foul Ball, location: 2F 1-1: Ball 2-1: Foul Ball, location: 2F 2-2: Strikes out looking
|
Batting: LHB Luis González
|
0-0: Fly out, F7 (Flyball, 78M)
|
Batting: RHB Gerardo Escobedo
|
0-0: Ball 1-0: Foul Ball, location: 2F 1-1: Ball 2-1: Foul Ball, location: 2F 2-2: Foul Ball, location: 2F 2-2: Ground out 4-3 (Groundball, 34)
|
Top of the 3rd over - 0 run(s), 0 hit(s), 0 error(s), 0 left on base; Los Cabos 0 - Nassau 0 |
BOTTOM OF THE 3RD |
Nassau Rockets batting - Pitching for Los Cabos Cartel : LHP Francisco Pérez
|
Batting: RHB Francisco Rincón
|
0-0: Called Strike 0-1: Called Strike 0-2: Strikes out swinging
|
Batting: LHB Andrew Alvarado
|
0-0: Ball 1-0: Foul Ball, location: 2F 1-1: SINGLE (Line Drive, 4D)
|
Batting: LHB Doug Thompson
|
0-0: Ball 1-0: Swinging Strike 1-1: Called Strike 1-2: Ball 2-2: Ball 3-2: Ground out 3-1 (Groundball, 34) Andrew Alvarado to second
|
Batting: LHB Don Ramey
|
0-0: Called Strike 0-1: Ball 1-1: Ground out U3 (Groundball, 3S)
|
Bottom of the 3rd over - 0 run(s), 1 hit(s), 0 error(s), 1 left on base; Los Cabos 0 - Nassau 0 |
TOP OF THE 4TH |
Los Cabos Cartel batting - Pitching for Nassau Rockets : RHP Chris Marshall
|
Batting: SHB Julián Madrid
|
0-0: SOLO HOME RUN (Flyball, 8RXD), Distance : 439 ft
|
Batting: LHB José Rivas
|
0-0: Ball 1-0: Ball 2-0: Swinging Strike 2-1: Ball 3-1: Foul Ball, location: 2F 3-2: Strikes out swinging
|
Batting: RHB Stephen Wilson
|
0-0: Called Strike 0-1: Ball 1-1: Foul Ball, location: 2F 1-2: Ball 2-2: SINGLE (Flyball, 4D)
|
Batting: LHB Miguel Rivería
|
0-0: Ball Stephen Wilson is caught stealing 2nd base 1-0: Fly out, F3 (Popup, 3SF)
|
Top of the 4th over - 1 run(s), 2 hit(s), 0 error(s), 0 left on base; Los Cabos 1 - Nassau 0 |
BOTTOM OF THE 4TH |
Nassau Rockets batting - Pitching for Los Cabos Cartel : LHP Francisco Pérez
|
Batting: RHB José Hernández
|
0-0: Ball 1-0: Foul Ball, location: 2F 1-1: SINGLE (Line Drive, 4D)
|
Batting: RHB Pete Harvey
|
0-0: DOUBLE (Flyball, 78XD) José Hernández to third
|
Batting: RHB Victor Antelo
|
0-0: Ball 1-0: Foul Ball, location: 2F 1-1: Fly out, F7 (Popup, 56D)
|
Batting: LHB Rafael Delgado
|
0-0: Called Strike 0-1: Ball 1-1: Ground out 4-3 (Groundball, 4) José Hernández scores Pete Harvey to third
|
Batting: SHB Howard Parker
|
0-0: Foul Ball, location: 2F 0-1: Ball 1-1: Foul Ball, location: 2F 1-2: Foul Ball, location: 2F 1-2: Ball 2-2: Ball 3-2: Ground out 6-3 (Groundball, 6)
|
Bottom of the 4th over - 1 run(s), 2 hit(s), 0 error(s), 1 left on base; Los Cabos 1 - Nassau 1 |
TOP OF THE 5TH |
Los Cabos Cartel batting - Pitching for Nassau Rockets : RHP Chris Marshall
|
Batting: RHB Wilbert Rodgers
|
0-0: Ball 1-0: Ball 2-0: Ball 3-0: Base on Balls
|
Batting: LHB Manny Quiñones
|
0-0: Foul Ball, location: 2F 0-1: Called Strike 0-2: Fly out, F9 (Flyball, 89D)
|
Batting: RHB Oliver Hernández
|
0-0: Ball 1-0: Ball 2-0: Ball 3-0: Foul Ball, location: 2F 3-1: Foul Ball, location: 2F 3-2: Fly out, F8 (Flyball, 8RM)
|
Batting: LHB Luis González
|
0-0: Ball 1-0: Foul Ball, location: 2F 1-1: Ball 2-1: Swinging Strike 2-2: SINGLE (Groundball, 4MD) Wilbert Rodgers to second
|
Batting: RHB Gerardo Escobedo
|
0-0: Ball 1-0: SINGLE (Line Drive, 4MD) Wilbert Rodgers to third Luis González to second Runner from 3rd tries for Home, SAFE, no throw or cutoff
|
Batting: SHB Julián Madrid
|
0-0: Ball 1-0: Foul Ball, location: 2F 1-1: Foul Ball, location: 2F 1-2: Foul Ball, location: 2F 1-2: Ground out 3-1 (Groundball, 34)
|
Top of the 5th over - 1 run(s), 2 hit(s), 0 error(s), 2 left on base; Los Cabos 2 - Nassau 1 |
BOTTOM OF THE 5TH |
Nassau Rockets batting - Pitching for Los Cabos Cartel : LHP Francisco Pérez
|
Batting: RHB Francisco Rincón
|
0-0: Called Strike 0-1: Ball 1-1: Swinging Strike 1-2: Strikes out swinging
|
Batting: LHB Andrew Alvarado
|
0-0: Ball 1-0: Called Strike 1-1: Foul Ball, location: 2F 1-2: Ball Reached via error on a dropped throw, E1
|
Batting: LHB Doug Thompson
|
0-0: Called Strike 0-1: Called Strike 0-2: Ball 1-2: Ball 2-2: Foul Ball, location: 2F 2-2: Foul Ball, location: 2F 2-2: Foul Ball, location: 2F 2-2: Fly out, F3 (Popup, 34S)
|
Batting: LHB Don Ramey
|
0-0: Ball Andrew Alvarado is caught stealing 2nd base
|
Bottom of the 5th over - 0 run(s), 0 hit(s), 1 error(s), 0 left on base; Los Cabos 2 - Nassau 1 |
TOP OF THE 6TH |
Los Cabos Cartel batting - Pitching for Nassau Rockets : RHP Chris Marshall
|
Batting: LHB José Rivas
|
0-0: SINGLE (Groundball, 4MD) (infield hit)
|
Batting: RHB Stephen Wilson
|
0-0: Ball 1-0: Swinging Strike 1-1: Ball 2-1: Called Strike 2-2: Ball 3-2: SINGLE (Line Drive, 8LS) José Rivas to second Runner from 2nd tries for 3rd, SAFE, no throw or cutoff
|
Batting: LHB Miguel Rivería
|
0-0: Ball 1-0: Ball 2-0: Ball Stephen Wilson is caught stealing 2nd base 3-0: Base on Balls
|
Batting: RHB Wilbert Rodgers
|
0-0: Called Strike 0-1: DOUBLE (Popup, 9LS) José Rivas scores Miguel Rivería to third
|
Batting: LHB Manny Quiñones
|
0-0: Ball 1-0: Called Strike 1-1: Called Strike 1-2: Ball 2-2: Strikes out swinging
|
Batting: RHB Oliver Hernández
|
0-0: Fly out, F8 (Flyball, 8RS)
|
Top of the 6th over - 1 run(s), 3 hit(s), 0 error(s), 2 left on base; Los Cabos 3 - Nassau 1 |
BOTTOM OF THE 6TH |
Nassau Rockets batting - Pitching for Los Cabos Cartel : LHP Francisco Pérez
|
Batting: LHB Don Ramey
|
0-0: Foul Ball, location: 2F 0-1: Swinging Strike 0-2: Fly out, F7 (Flyball, 7S)
|
Batting: RHB José Hernández
|
0-0: Called Strike 0-1: Ball 1-1: Ground out 1-3 (Groundball, 13)
|
Batting: RHB Pete Harvey
|
0-0: Ball 1-0: Called Strike 1-1: Called Strike 1-2: Foul Ball, location: 2F 1-2: Strikes out swinging
|
Bottom of the 6th over - 0 run(s), 0 hit(s), 0 error(s), 0 left on base; Los Cabos 3 - Nassau 1 |
TOP OF THE 7TH |
Los Cabos Cartel batting - Pitching for Nassau Rockets : RHP Chris Marshall
|
Pitching: LHP Kai-ge Hui
|
|
Batting: LHB Luis González
|
0-0: Ball 1-0: Foul Ball, location: 2F 1-1: DOUBLE (Line Drive, 7LS)
|
Batting: RHB Gerardo Escobedo
|
0-0: Called Strike 0-1: Ball 1-1: Fly out, F9 (Flyball, 89S)
|
Batting: SHB Julián Madrid
|
0-0: Intentional Walk
|
Batting: LHB José Rivas
|
0-0: Called Strike 0-1: Foul Ball, location: 2F 0-2: Ball 1-2: Ball 2-2: Fly out, F9 (Flyball, 9S)
|
Batting: RHB Stephen Wilson
|
0-0: Ball 1-0: Swinging Strike 1-1: Ball 2-1: Swinging Strike 2-2: Ground out 5-3 (Groundball, 56S)
|
Top of the 7th over - 0 run(s), 1 hit(s), 0 error(s), 2 left on base; Los Cabos 3 - Nassau 1 |
BOTTOM OF THE 7TH |
Nassau Rockets batting - Pitching for Los Cabos Cartel : LHP Francisco Pérez
|
Pitching: LHP Jung-keun Yi
|
|
Batting: RHB Victor Antelo
|
0-0: Called Strike 0-1: Called Strike 0-2: Foul Ball, location: 2F 0-2: Strikes out swinging
|
Batting: LHB Rafael Delgado
|
0-0: Foul Ball, location: 2F 0-1: Ball 1-1: Foul Ball, location: 2F 1-2: Strikes out swinging
|
Batting: SHB Howard Parker
|
0-0: Foul Ball, location: 2F 0-1: Called Strike 0-2: Ground out 4-3 (Groundball, 4)
|
Bottom of the 7th over - 0 run(s), 0 hit(s), 0 error(s), 0 left on base; Los Cabos 3 - Nassau 1 |
TOP OF THE 8TH |
Los Cabos Cartel batting - Pitching for Nassau Rockets : LHP Kai-ge Hui
|
Batting: LHB Miguel Rivería
|
0-0: Ball 1-0: Foul Ball, location: 2F 1-1: Ball 2-1: Ball 3-1: Foul Ball, location: 2F 3-2: Ground out 4-3 (Groundball, 4S)
|
Batting: RHB Wilbert Rodgers
|
0-0: Swinging Strike 0-1: Ball 1-1: Ball 2-1: Foul Ball, location: 2F 2-2: Ground out 4-3 (Groundball, 34)
|
Batting: LHB Manny Quiñones
|
0-0: Ball 1-0: SOLO HOME RUN (Line Drive, 9D), Distance : 360 ft
|
Pitching: RHP Juan Franco
|
|
Batting: RHB Oliver Hernández
|
0-0: Foul Ball, location: 2F 0-1: Ball 1-1: Foul Ball, location: 2F 1-2: Ball 2-2: Foul Ball, location: 2F 2-2: Strikes out swinging
|
Top of the 8th over - 1 run(s), 1 hit(s), 0 error(s), 0 left on base; Los Cabos 4 - Nassau 1 |
BOTTOM OF THE 8TH |
Nassau Rockets batting - Pitching for Los Cabos Cartel : LHP Jung-keun Yi
|
Batting: RHB Francisco Rincón
|
0-0: Ball 1-0: Fly out, F8 (Flyball, 8RM)
|
Batting: LHB Andrew Alvarado
|
0-0: Called Strike 0-1: Swinging Strike 0-2: SINGLE (Groundball, 6MD)
|
Batting: LHB Doug Thompson
|
0-0: Swinging Strike 0-1: Called Strike 0-2: Strikes out swinging
|
Pitching: RHP Yajirobei Endo
|
|
Batting: LHB Don Ramey
|
0-0: Ball 1-0: Ground out 3-1 (Groundball, 34)
|
Bottom of the 8th over - 0 run(s), 1 hit(s), 0 error(s), 1 left on base; Los Cabos 4 - Nassau 1 |
TOP OF THE 9TH |
Los Cabos Cartel batting - Pitching for Nassau Rockets : RHP Juan Franco
|
Batting: LHB Luis González
|
0-0: Called Strike 0-1: Ball 1-1: Ball 2-1: Swinging Strike 2-2: Fly out, F7 (Flyball, 7M)
|
Batting: RHB Gerardo Escobedo
|
0-0: Ball 1-0: Ball 2-0: Swinging Strike 2-1: Swinging Strike 2-2: Foul Ball, location: 2F 2-2: Fly out, F9 (Popup, 3D)
|
Batting: SHB Julián Madrid
|
0-0: TRIPLE (Flyball, 8RXD)
|
Batting: LHB José Rivas
|
0-0: Ball 1-0: Swinging Strike 1-1: Ball 2-1: Foul Ball, location: 2F 2-2: Fly out, F5 (Popup, 5SF)
|
Top of the 9th over - 0 run(s), 1 hit(s), 0 error(s), 1 left on base; Los Cabos 4 - Nassau 1 |
BOTTOM OF THE 9TH |
Nassau Rockets batting - Pitching for Los Cabos Cartel : RHP Yajirobei Endo
|
Pitching: LHP Santiago González
|
|
Batting: RHB José Hernández
|
0-0: Called Strike 0-1: Ball 1-1: Ground out 6-3 (Groundball, 6M)
|
Batting: RHB Pete Harvey
|
0-0: Ball 1-0: Ground out 5-3 (Groundball, 5S)
|
Batting: RHB Victor Antelo
|
0-0: Foul Ball, location: 2F 0-1: Called Strike 0-2: Strikes out swinging
|
Bottom of the 9th over - 0 run(s), 0 hit(s), 0 error(s), 0 left on base; Los Cabos 4 - Nassau 1 |
|